 Dungeon Sprint DCSS version 0.31-a0-844-gdc52ec4e09 (webtiles) character file.

Game seed: 10610199789402598278

7558 sircluck the Brawler (level 10, -1/119 HPs)
             Began as a Troll Berserker on Sept 29, 2023.
             Was a High Priest of Trog.
             Slain by Gastronok (21 damage)
             ... in the Dungeon (Sprint III: "The Ten Rune Challenge").
             The game lasted 00:03:47 (730 turns).

sircluck the Brawler (Troll Berserker)               Turns: 730, Time: 00:03:48

Health: -1/119     AC:  6    Str: 35    XL:     10   Next: 96%
Magic:  9/9        EV: 13    Int:  2    God:    Trog [*****.]
Gold:   36         SH:  0    Dex:  8    Spells: 9/9 levels left

rFire   . .          .
                       - Unarmed
rCold   . . .        (no shield)
rNeg    . . .        q - +2 robe {Will+}
rPois   .            (helmet restricted)
rElec   .            (no cloak)
rCorr   .            (gloves unavailable)
SInv    .            (boots unavailable)
Will    +....        (no amulet)
Stlth   +            (no ring)
HPRegen 1.19/turn    (no ring)
MPRegen 0.11/turn

%: no teleportation
@: on berserk cooldown, slowed, very slow
A: large, unfitting armour, claws 3, regeneration 1, shaggy fur 1, tough skin 1,
screaming 1, strong 1
a: Renounce Religion, Berserk, Trog's Hand, Brothers in Arms


You were in the Dungeon.
You worshipped Trog.
Trog was extremely pleased with you.
You visited 1 branch You collected 36 gold pieces.

Inventory:

Armour
 a - a +0 animal skin
 q - a +2 robe of willpower (worn)
Wands
 o - a wand of polymorph (7)
Scrolls
 g - a scroll of blinking
 i - a scroll of immolation {unknown}
 j - 2 scrolls of identify {unknown}
 l - a scroll of poison {unknown}
Potions
 b - a potion of curing
 c - a potion of heal wounds
 d - a potion of haste
 e - 2 potions of magic
 f - a potion of berserk rage
 h - 2 potions of mutation
 k - 4 potions of enlightenment
 m - a potion of lignification {unknown}
 n - a potion of resistance {unknown}
Miscellaneous
 p - a phial of floods


   Skills:
 + Level 13.4 Fighting
 + Level 13.3 Dodging
 + Level 15.6 Unarmed Combat


You had 9 spell levels left.
You didn't know any spells.
Your spell library was empty.

Dungeon Overview and Level Annotations

Branches:
Dungeon (1/1)

Altars:
Cheibriados
Dithmenos
Elyvilon
Fedhas
Gozag
Hepliaklqana
Kikubaaqudgha
Makhleb
Nemelex Xobeh
Okawaru
Qazlal
Ru
Sif Muna
Trog
Uskayaw
Vehumet
Wu Jian
Xom
Yredelemnul
Zin
The Shining One
Jiyva
Lugonu

Annotations:
D Gastronok


Innate Abilities, Weirdness & Mutations

You are too large for most types of armour.
You have claws for hands.
Your natural rate of healing is unusually fast.
You are covered in fur. (AC +1)
You have tough skin. (AC +1)
You occasionally shout uncontrollably at your foes.
Your muscles are strong. (Str +4, Int/Dex -1)


Message History

Unknown command.
You scratch the elephant but do no damage.
The elephant is heavily wounded.
The elephant barely misses you. The elephant trunk-slaps you.
You scratch the elephant but do no damage.
The elephant is heavily wounded.
The elephant tramples you!
You hold your ground!
The elephant barely misses you.
You mangle the elephant!!
The elephant is almost dead.
The elephant tramples you!
* * * LOW HITPOINT WARNING * * *
You hold your ground!
The elephant trunk-slaps you.
* * * LOW HITPOINT WARNING * * *
You mangle the elephant!!
You kill the elephant!
Trog accepts your kill.
Unknown command.
Unknown command.
Unknown command.
You claw the rat!
You kill the rat!
The rat's corpse disappears in a puff of smoke!
Gastronok waves his eye-stalks in wide circles.
The air twists around and strikes you!!
* * * LOW HITPOINT WARNING * * *
Unknown command.
You feel much better.
Unknown command.
Unknown command.
You're still recovering from your berserk rage.
Gastronok bites you!!
* * * LOW HITPOINT WARNING * * *
There is an open door, spattered with blood here.
You see here an elephant corpse.
You scratch Gastronok.
Gastronok is lightly wounded.
Gastronok bites you!!
You die...
Gastronok gurgles, "About time.
I'm starving!"

▓#.####.##..###...'.⌠.
▓.###..##.)####...#...
▓#.....##..###....#.⌠.
###..##...##.....#...
##†.##....#..†...#)##
#..###..##.#.....#.).
#).# #..#####....#___
▓▓▓▓▓▓▓▓▓▓▓▓▓▓▓▓▓▓▓▓▓
▓...@~≈§§≈≈≈§≈♣♣.....
▓..w#†~§§§§.≈~♣♣.≈≈≈≈
▓...#.§≈~§~.§≈†'.....
▓...#.~~~~§§.≈♣♣♣♣♣♣♣
▓..[#~≈~~~≈~~≈♣
▓##+####+######


You could see Gastronok.

Vanquished Creatures
  2 dire elephants (D)
  Erica (D)
  A centaur warrior (D)
  A deep elf pyromancer (D)
  2 elephants (D)
  2 cane toads (D)
  A rime drake (D)
  An unseen horror (D)
  A komodo dragon (D)
  3 wandering mushrooms (D)
  5 blink frogs (D)
  A shadow (D)
  A spatial vortex (D)
  A swamp drake (D)
  2 centaurs (D)
  An earth elemental (D)
  A necrophage (D)
  A scorpion (D)
  A water elemental (D)
  A jelly (D)
  Jessica (D)
  A wizard (D)
  A necromancer (D)
  A kobold demonologist (D)
  3 humans (D)
  3 rats (D)
40 creatures vanquished.

Notes
Turn   | Place    | Note
-------+----------+-------------------------------------------
     0 | D        | sircluck the Troll Berserker began the quest for the Orb.
     0 | D        | Reached XP level 1. HP: 22/22 MP: 0/0
    25 | D        | Reached ** piety under Trog
    34 | D        | Noticed Jessica
    38 | D        | Killed Jessica
    39 | D        | Reached skill level 4 in Unarmed Combat
    39 | D        | Reached XP level 2. HP: 32/32 MP: 1/1
    66 | D        | Reached XP level 3. HP: 31/39 MP: 2/2
    83 | D        | Noticed a scorpion
    96 | D        | Killed a scorpion
    96 | D        | Reached *** piety under Trog
    97 | D        | Reached skill level 5 in Fighting
    97 | D        | Reached skill level 5 in Dodging
    97 | D        | Reached skill level 6 in Unarmed Combat
    97 | D        | Reached XP level 4. HP: 50/50 MP: 3/3
   118 | D        | Noticed a water elemental
   120 | D        | Gained mutation: You occasionally shout uncontrollably at
                  | your foes. [potion of mutation]
   120 | D        | Gained mutation: Your muscles are strong. (Str +4, Int/Dex
                  | -1) [potion of mutation]
   125 | D        | Killed a water elemental
   126 | D        | Reached XP level 5. HP: 58/59 MP: 4/4
   131 | D        | Found a glowing silver altar of Zin.
   131 | D        | Found a glowing golden altar of the Shining One.
   131 | D        | Found a white marble altar of Elyvilon.
   132 | D        | Noticed a deep elf pyromancer
   134 | D        | Noticed a fire elemental
   136 | D        | Killed a deep elf pyromancer
   137 | D        | Reached skill level 9 in Unarmed Combat
   137 | D        | Reached XP level 6. HP: 26/72 MP: 5/5
   137 | D        | Reached XP level 7. HP: 29/80 MP: 6/6
   185 | D        | Found a hide-covered altar of Uskayaw.
   185 | D        | Found an iron altar of Okawaru.
   185 | D        | Found a bloodstained altar of Trog.
   185 | D        | Found an ornate altar of the Wu Jian Council.
   185 | D        | Noticed a human
   185 | D        | Noticed a human
   198 | D        | Killed a human
   198 | D        | Reached **** piety under Trog
   199 | D        | Reached skill level 10 in Unarmed Combat
   207 | D        | Killed a human
   252 | D        | Found a basalt altar of Yredelemnul.
   252 | D        | Found a shadowy altar of Dithmenos.
   252 | D        | Found a sacrificial altar of Ru.
   283 | D        | Found a radiant altar of Vehumet.
   283 | D        | Found a shimmering blue altar of Sif Muna.
   283 | D        | Found an ancient bone altar of Kikubaaqudgha.
   285 | D        | Reached ***** piety under Trog
   287 | D        | Noticed a sun demon
   288 | D        | Reached XP level 8. HP: 92/92 MP: 7/7
   314 | D        | Found a blossoming altar of Fedhas.
   314 | D        | Found a stormy altar of Qazlal.
   314 | D        | Found a snail-covered altar of Cheibriados.
   314 | D        | Found a burning altar of Makhleb.
   314 | D        | Found a shimmering altar of Xom.
   315 | D        | Found a hazy altar of Hepliaklqana.
   315 | D        | Found an opulent altar of Gozag.
   315 | D        | Found a sparkling altar of Nemelex Xobeh.
   315 | D        | Found a corrupted altar of Lugonu.
   315 | D        | Found a viscous altar of Jiyva.
   320 | D        | Reached skill level 11 in Unarmed Combat
   333 | D        | Noticed Erica
   349 | D        | Killed Erica
   350 | D        | Reached skill level 10 in Fighting
   350 | D        | Reached skill level 10 in Dodging
   350 | D        | Reached skill level 12 in Unarmed Combat
   432 | D        | Reached XP level 9. HP: 91/102 MP: 8/8
   440 | D        | Noticed a centaur warrior
   448 | D        | Killed a centaur warrior
   448 | D        | Reached ****** piety under Trog
   448 | D        | Received a gift from Trog
   509 | D        | Killed an unseen horror
   510 | D        | Reached skill level 13 in Unarmed Combat
   539 | D        | Noticed a wandering mushroom
   544 | D        | Noticed a wandering mushroom
   546 | D        | Noticed a wandering mushroom
   547 | D        | Killed a wandering mushroom
   578 | D        | Noticed a cane toad
   578 | D        | Noticed a komodo dragon
   578 | D        | Noticed a cane toad
   583 | D        | Killed a cane toad
   585 | D        | Killed a cane toad
   586 | D        | Reached XP level 10. HP: 115/115 MP: 9/9
   589 | D        | Reached skill level 14 in Unarmed Combat
   633 | D        | Received a gift from Trog
   690 | D        | Noticed an elephant
   690 | D        | Noticed an elephant
   690 | D        | Noticed a dire elephant
   690 | D        | Noticed a dire elephant
   698 | D        | Noticed Gastronok
   702 | D        | Killed a dire elephant
   703 | D        | Reached skill level 15 in Unarmed Combat
   709 | D        | Killed a dire elephant
   711 | D        | Killed an elephant
   726 | D        | Killed an elephant
   730 | D        | Slain by Gastronok

Illustrated notes

Levels and vault maps discovered:
D:        dungeon_sprint_mu [sprint_mu_entry_cave, sprint_mu_temple_rooms,
          sprint_mu_d1_horrors, sprint_mu_d2_genie, sprint_mu_d3_branching,
          sprint_mu_orc_legion, sprint_mu_elf_gauntlet, sprint_mu_hive_nellie,
          sprint_mu_lair_fedhas, sprint_mu_vaults_butterflies,
          sprint_mu_slime_circle, sprint_mu_swamp_cave, sprint_mu_shoals_kraken,
          sprint_mu_blade_basic, sprint_mu_crypt_fortress,
          sprint_mu_tomb_spiral, sprint_mu_vestibule_basic,
          sprint_mu_gehenna_hellfire, sprint_mu_dis_giant,
          sprint_mu_tartarus_statrot, sprint_mu_cocytus_islands, sprint_mu_zot1]

Skill      XL: |  1  2  3  4  5  6  7  8  9 10 |
---------------+-------------------------------+-----
Fighting       | 3 4 5 8 9 10 11 13 | 13.4
Dodging        | 3 4 5 7 8 10 11 13 | 13.3
Unarmed Combat | 4 6 9 10 12 13 15 | 15.6

Action                     |  1- 3 |  4- 6 |  7- 9 | 10-12 || total
---------------------------+-------+-------+-------+-------++-------
  Melee: Unarmed           |    30 |     8 |    85 |    52 ||   175
         Punch             |       |       |    12 |     3 ||    15
 Invoke: Berserk           |       |       |     2 |     1 ||     3
         Brothers in Arms  |       |       |       |     1 ||     1
    Use: Potion            |       |     1 |       |     2 ||     3
 Armour: Animal skin       |    12 |     7 |    23 |       ||    42
         Robe              |       |       |    37 |    33 ||    70
  Dodge: Dodged            |    16 |     2 |    26 |    33 ||    77

Table legend: (Time is in decaauts)
 A = Elapsed time spent in this place.
 B = Non-inter-level travel time spent in this place.
 C = Inter-level travel time spent in this place.
 D = Time resting spent in this place.
 E = Time spent auto-exploring this place.
 F = Levels seen in this place.
 G = Mean time per level.
                   A        B        C        D        E       F      G
               +--------+--------+--------+--------+--------+-----+--------+
         Total |    739 |    729 |     10 |    272 |     85 |   1 |  739.0 |
       Dungeon |    739 |    729 |     10 |    272 |     85 |   1 |  739.0 |
               +--------+--------+--------+--------+--------+-----+--------+

Top non-repeatable levels by time:
       D: 739 daAuts
